 Dungeon Crawl Stone Soup version 0.28-a0-580-ga2639ab843 (webtiles) character file.

Game seed: 4991686557351526851

49 Midn8 the Gusty (level 3, -2/24 HPs)
             Began as a Vine Stalker Air Elementalist on Oct 3, 2021.
             Slain by a goblin (4 damage)
             ... led by Robin
             ... on level 2 of the Dungeon.
             The game lasted 00:05:12 (1355 turns).

Midn8 the Gusty (Vine Stalker Air Elementalist)     Turns: 1355, Time: 00:05:12

Health: -2/24      AC: 21    Str: 10    XL:     3   Next: 77%
Magic:  0/7        EV:  2    Int: 16    God:
Gold:   68         SH:  0    Dex: 14    Spells: 0/6 levels left

rFire   . . .      SeeInvis .   e - +0 dagger
rCold   . . .      Faith    .   (no shield)
rNeg    . . .      Spirit   +   (armour currently unavailable)
rPois   +          Reflect  .   (helmet currently unavailable)
rElec   .          Harm     .   (cloak currently unavailable)
rCorr   .          Rampage  .   (gloves currently unavailable)
Will    .....      NoTele   +   (boots currently unavailable)
Stlth   ++........              (no amulet)
HPRegen 0.08/turn               (no ring)
MPRegen 0.10/turn               (no ring)

@: tree-form
A: stationary, stasis, torment immunity, boosted hp, (fangs 2), magic shield,
(antimagic bite), no potion heal 2
a: no special abilities


You were on level 2 of the Dungeon.
You were a tree.
You visited 1 branch of the dungeon, and saw 2 of its levels.

You collected 68 gold pieces.

Inventory:

Hand Weapons
 d - a +0 hunting sling
 e - a +0 dagger (weapon)
Missiles
 b - 6 javelins
 c - 5 stones
 f - 19 sling bullets
Armour
 a - a +1 robe (melded)
Potions
 h - a potion of attraction


   Skills:
 - Level 1.5 Dodging
 - Level 2.4 Stealth
 - Level 2.1 Spellcasting
 + Level 3.2 Conjurations
 + Level 3.2 Air Magic


You couldn't memorise any spells.
You knew the following spells:

 Your Spells              Type           Power      Damage    Failure   Level
a - Shock                 Conj/Air       48%        1d6       5%          1
s - Static Discharge      Conj/Air       12%        N/A       9%          2
S - Swiftness             Air            12%        N/A       16%         3

Your spell library contained the following spells:

 Spells                   Type           Power      Damage    Failure   Level
 Airstrike                Air            6%         N/A       47%         4


Dungeon Overview and Level Annotations

Branches:
Dungeon (2/15)

Altars:

Annotations:
D:2 Robin


Innate Abilities, Weirdness & Mutations

You are a tree.
Your roots penetrate the ground, keeping you stationary.
You cannot be teleported.
You are immune to unholy pain and torment.
Your maximum health is greatly increased.
Your equipment is partially melded.
((You have extremely sharp teeth.))
When hurt, damage is shared between your health and your magic reserves.
((Your bite disrupts and absorbs the magic of your enemies.))
Potions cannot restore your health.


Message History

You hit the goblin but do no damage.
The goblin is severely wounded.
The goblin no longer looks unusually strong.
The hobgoblin hits you but does no damage.
The goblin hits you but does no damage.
The hobgoblin hits you but does no damage.
You hit the goblin.
You kill the goblin!
The hobgoblin hits you but does no damage.
Robin throws the goblin at you! The hobgoblin barely misses you.
You barely miss the goblin. The hobgoblin hits you.
* * * LOW HITPOINT WARNING * * *
The goblin hits you but does no damage.
Robin says, "Feeling lonely?"
The hobgoblin hits you but does no damage.
You barely miss the goblin.
The hobgoblin hits you but does no damage.
The goblin hits you but does no damage.
Robin roars a battlecry!
The goblins go into a battle-frenzy!
The hobgoblin hits you but does no damage.
You hit the goblin.
You kill the goblin!
The hobgoblin no longer looks unusually strong.
The hobgoblin hits you but does no damage.
Robin says, "Duck!"
Robin throws the goblin at you! The hobgoblin hits you.
* * * LOW HITPOINT WARNING * * *
You barely miss the goblin.
The goblin no longer looks unusually strong.
The hobgoblin hits you but does no damage.
The goblin hits you but does no damage.
Robin roars a battlecry!
The hobgoblin goes into a battle-frenzy!
The hobgoblin hits you but does no damage.
You hit the goblin.
The goblin is heavily wounded.
The hobgoblin hits you but does no damage.
The goblin hits you with a +0 club.
You die...

## ..... .. ..... #
..... # ###### .#.##
# §§...# ######....
# #§.§§## #g...... #
#§§§P.###g....#
##### #§§§§...gg##.#
....####..#§..##♣gg#
.....##.§......)g###
........###§###...#
..................##
......#..##........#
.....###.........#.#
.....#
####......#.##
..[..# #......#..#
.....# #......##.##


You could see Robin, 4 hobgoblins and 2 goblins.

Vanquished Creatures
  2 adders (D:2)
  A ball python (D:1)
  3 endoplasms (D:2)
  4 goblins
  5 hobgoblins
  2 jackals (D:1)
  2 kobolds
  A ball python skeleton (D:2)
  A ball python zombie (D:2)
  3 bats
  A giant cockroach zombie (D:2)
  5 rats (D:1)
30 creatures vanquished.

Vanquished Creatures (others)
  3 withered plants (D:2)
3 creatures vanquished.

Grand Total: 33 creatures vanquished

Notes
Turn   | Place    | Note
-------+----------+-------------------------------------------
     0 | D:1      | Midn8 the Vine Stalker Air Elementalist began the quest for
                  | the Orb.
     0 | D:1      | Reached XP level 1. HP: 9/9 MP: 4/4
   139 | D:1      | Found a faded altar of an unknown god.
   342 | D:1      | Reached XP level 2. HP: 13/13 MP: 4/6
  1069 | D:2      | Reached XP level 3. HP: 12/16 MP: 1/7
  1137 | D:2      | Learned a level 2 spell: Static Discharge
  1141 | D:2      | Learned a level 3 spell: Swiftness
  1335 | D:2      | Noticed Robin
  1355 | D:2      | Slain by a goblin

Illustrated notes

Levels and vault maps discovered:
D:1:      minmay_arrival_diagonal_passages, layout_basic,
          ebering_ecumenical_altar_webs
D:2:      layout_rooms, serial_undead, serial_undead_d, serial_undead_b,
          serial_undead_f, serial_undead_b, uniq_robin, uniq_terence

Skill      XL: |  1  2 |
---------------+-------+-----
Conjurations   | 2 3 |  3.2
Dodging        | |  1.5
Stealth        | |  2.4
Spellcasting   | |  2.1
Air Magic      | |  3.2

Action                   || total
-------------------------++-------
Melee: Dagger            ||    27
       Bite              ||     1
 Cast: Shock             ||    46
       Static Discharge  ||     1
  Use: Scroll            ||     3
       Potion            ||     1
Armor: Robe              ||     4
       Skin              ||    48
Dodge: Dodged            ||    18

Table legend: (Time is in decaauts)
 A = Elapsed time spent in this place.
 B = Non-inter-level travel time spent in this place.
 C = Inter-level travel time spent in this place.
 D = Time resting spent in this place.
 E = Time spent auto-exploring this place.
 F = Levels seen in this place.
 G = Mean time per level.
                   A        B        C        D        E       F      G
               +--------+--------+--------+--------+--------+-----+--------+
         Total |   1353 |   1328 |     25 |    490 |    573 |   2 |  676.5 |
       Dungeon |   1353 |   1328 |     25 |    490 |    573 |   2 |  676.5 |
               +--------+--------+--------+--------+--------+-----+--------+

Top non-repeatable levels by time:
     D:1: 878 daAuts
     D:2: 475 daAuts
